Map: King Sejong Station LE

Players

ShoWTimE - Winner!

  • Race: Protoss Protoss

Dear

  • Race: Protoss Protoss

Event: 2016 WCS Global Finals

VOD

Have the link to the VOD?

Description

Time

  • Played on: Oct. 28, 2016, 11:05 a.m.
  • Length: 17:32

All games in this series

Show
View Real Time Build Order
Export as new Build Order

ShoWTimE Protoss - Winner!

Build Orders:  

Get SALT Encoding   

  12  0:00  Probe (Chrono Boost)  
  13  0:11  Probe (Chrono Boost)  
  14  0:17  Pylon  
  14  0:21  Probe (Chrono Boost)  
  15  0:35  Probe (Chrono Boost)  
  16  0:36  Gateway  
  16  0:43  Assimilator  
  16  0:46  Probe (Chrono Boost)  
  17  0:51  Assimilator  
  17  0:56  Probe (Chrono Boost)  
  18  1:03  Gateway  
  18  1:07  Probe (Chrono Boost)  
  19  1:17  Probe (Chrono Boost)  
  20  1:23  Cybernetics Core  
  20  1:28  Probe (Chrono Boost)  
  20  1:31  Pylon  
  21  1:38  Probe (Chrono Boost)  
  22  1:49  Probe (Chrono Boost)  
  22  1:52  Warp Gate  
  23  2:00  Adept x2, Mothership Core (Chrono Boost)  
  29  2:27  Nexus  
  29  2:35  Stalker  
  31  2:50  Pylon  
  31  2:59  Robotics Facility  
  31  3:09  Probe (Chrono Boost), Sentry  
  34  3:16  Pylon  
  34  3:20  Probe (Chrono Boost)  
  35  3:30  Probe (Chrono Boost)  
  36  3:39  Probe (Chrono Boost)  
  35  3:41  Warp Prism  
  35  3:46  Probe (Chrono Boost)  
  38  3:50  Probe (Chrono Boost)  
  39  3:57  Adept  
  39  3:58  Adept  
  39  3:59  Probe (Chrono Boost)  
  39  4:00  Probe (Chrono Boost)  
  46  4:11  Probe x2 (Chrono Boost), Twilight Council  
  46  4:15  Observer  
  47  4:17  Phoenix  
  47  4:20  Sentry  
  47  4:21  Probe (Chrono Boost)  
  47  4:23  Probe (Chrono Boost)  
  52  4:26  Adept  
  53  4:32  Probe (Chrono Boost)  
  53  4:35  Probe (Chrono Boost)  
  55  4:40  Pylon  
  55  4:41  Immortal  
  55  4:42  Probe (Chrono Boost)  
  55  4:43  Blink  
  57  4:47  Probe (Chrono Boost)  
  61  4:53  Probe (Chrono Boost)  
  61  4:59  Probe (Chrono Boost)  
  63  5:06  Probe (Chrono Boost)  
  64  5:07  Assimilator  
  64  5:11  Probe (Chrono Boost)  
  64  5:12  Assimilator  
  65  5:15  Pylon  
  65  5:16  Gateway  
  65  5:18  Probe (Chrono Boost)  
  66  5:24  Probe (Chrono Boost)  
  66  5:25  Observer  
  66  5:26  Pylon  
  69  5:30  Probe (Chrono Boost)  
  70  5:36  Probe (Chrono Boost)  
  70  5:42  Immortal, Probe (Chrono Boost)  
  71  5:48  Probe (Chrono Boost)  
  76  5:54  Probe (Chrono Boost)  
  76  5:56  Gateway  
  77  5:57  Gateway  
  77  6:00  Gateway, Probe (Chrono Boost)  
  78  6:10  Stalker x2  
  82  6:14  Pylon  
  82  6:20  Nexus  
  82  6:23  Pylon  
  84  6:26  Probe (Chrono Boost)  
  84  6:27  Probe (Chrono Boost)  
  84  6:31  Stalker  
  86  6:41  Robotics Bay  
  86  6:46  Probe x2 (Chrono Boost)  
  86  6:49  Pylon  
  86  6:53  Stalker x2  
  90  6:55  Immortal  
  90  6:58  Probe x2 (Chrono Boost)  
  96  7:06  Forge  
  96  7:08  Pylon  
  96  7:10  Probe x2 (Chrono Boost)  
  98  7:22  Probe (Chrono Boost)  
  99  7:23  Adept x2  
  99  7:25  Stalker x2  
  99  7:29  Disruptor  
  108  7:30  Probe (Chrono Boost)  
  108  7:34  Probe (Chrono Boost)  
  108  7:35  Probe (Chrono Boost)  
  113  7:42  Probe (Chrono Boost)  
  114  7:46  Probe (Chrono Boost), Charge  
  114  7:49  Probe (Chrono Boost), Protoss Ground Weapons Level 1  
  114  7:50  Robotics Facility  
  116  7:51  Assimilator  
  116  7:53  Stalker x2  
  116  7:57  Assimilator  
  120  8:10  Photon Cannon x2  
  120  8:19  Disruptor  
  118  8:25  Stalker x4  
  118  8:26  Stalker  
  131  8:29  Photon Cannon  
  131  8:36  Photon Cannon  
  131  8:45  Disruptor  
  131  8:48  Gateway  
  129  8:49  Gateway  
  132  8:59  Pylon x2  
  132  9:01  Stalker  
  133  9:04  Pylon, Probe (Chrono Boost)  
  133  9:12  Disruptor  
  137  9:18  Probe (Chrono Boost), Stalker x4  
  143  9:27  Photon Cannon  
  143  9:29  Probe (Chrono Boost)  
  144  9:31  Disruptor  
  144  9:32  Dark Shrine  
  147  9:43  Nexus  
  145  9:49  Pylon  
  145  9:50  Protoss Ground Weapons Level 2  
  145  9:51  Disruptor  
  145  9:55  Pylon  
  148  10:03  Pylon  
  148  10:04  Stalker x2  
  148  10:10  Stalker x2  
  148  10:13  Disruptor  
  150  10:15  Probe x3 (Chrono Boost)  
  151  10:22  Warp Prism  
  153  10:34  Zealot x5  
  153  10:35  Zealot x3  
  169  10:39  Stargate  
  169  10:40  Probe (Chrono Boost)  
  169  10:42  Probe (Chrono Boost)  
  171  10:44  Disruptor  
  172  10:55  Disruptor  
  175  10:57  Probe x3 (Chrono Boost)  
  175  11:02  Photon Cannon  
  161  11:12  Stalker x4  
  161  11:13  Stalker x2  
  161  11:15  Disruptor  
  173  11:23  Assimilator  
  173  11:25  Assimilator, Oracle  
  167  11:34  Photon Cannon  
  167  11:36  Photon Cannon  
  167  11:37  Disruptor  
  165  11:42  Stalker x3  
  165  11:45  Zealot x2  
  174  11:50  Disruptor  
  168  11:57  Zealot, Stalker  
  168  11:58  Zealot  
  177  12:13  Protoss Ground Weapons Level 3  
  175  12:17  Pylon  
  166  12:27  Disruptor x2  
  166  12:28  Stalker x3  
  166  12:29  Stalker x3  
  178  12:57  Fleet Beacon  
  178  12:58  Disruptor  
  178  12:59  Stargate  
  178  13:01  Stargate  
  178  13:03  Oracle  
  184  13:12  Disruptor  
  181  13:22  Zealot x3  
  181  13:23  Zealot x5  
  195  13:52  Tempest  
  188  14:01  Zealot  
  188  14:03  Tempest  
  188  14:04  Nexus  
  174  14:21  Disruptor  
  174  14:23  Zealot x4  
  169  14:30  Tempest  
  168  14:35  Tempest  
  170  14:48  Pylon  
  167  15:05  Disruptor  
  158  15:08  Zealot x7  
  158  15:09  Zealot  
  137  15:22  Disruptor  
  136  15:29  Tempest  
  136  15:31  Assimilator  
  136  15:33  Probe x2 (Chrono Boost)  
  136  15:35  Assimilator  
  142  15:43  Probe (Chrono Boost)  
  142  15:44  Photon Cannon, Probe (Chrono Boost)  
  142  15:45  Probe (Chrono Boost)  
  142  15:47  Pylon  
  143  15:51  Tempest  
  147  15:57  Zealot x2  
  147  15:58  Zealot x2  
  147  16:03  Disruptor  
  154  16:20  Zealot  
  154  16:21  Zealot x4  
  162  16:36  Nexus  
  162  16:44  Zealot x3  
  162  16:45  Zealot  
  158  17:02  Zealot x2  
  159  17:09  Photon Cannon  
  157  17:25  Stalker  
  157  17:28  Templar Archives  
Show
View Real Time Build Order
Export as new Build Order

Dear Protoss 

Build Orders: Blink Stalkers 

Get SALT Encoding   

  12  0:00  Probe (Chrono Boost)  
  13  0:11  Probe (Chrono Boost)  
  14  0:17  Pylon  
  14  0:22  Probe (Chrono Boost)  
  16  0:35  Probe (Chrono Boost)  
  16  0:36  Gateway  
  16  0:41  Assimilator  
  16  0:46  Probe (Chrono Boost)  
  17  0:51  Assimilator  
  17  0:56  Probe (Chrono Boost)  
  18  1:07  Gateway, Probe (Chrono Boost)  
  19  1:17  Probe (Chrono Boost)  
  20  1:23  Cybernetics Core  
  20  1:28  Probe (Chrono Boost)  
  20  1:30  Pylon  
  21  1:39  Probe (Chrono Boost)  
  22  1:45  Warp Gate  
  22  1:49  Probe (Chrono Boost)  
  23  2:00  Adept x2  
  29  2:04  Mothership Core (Chrono Boost)  
  29  2:06  Pylon  
  30  2:24  Probe (Chrono Boost)  
  30  2:27  Stalker x2  
  34  2:51  Nexus  
  34  2:56  Probe (Chrono Boost)  
  34  2:58  Sentry  
  37  3:08  Probe (Chrono Boost)  
  37  3:09  Pylon  
  39  3:20  Probe (Chrono Boost)  
  39  3:23  Robotics Facility  
  39  3:32  Probe (Chrono Boost)  
  40  3:39  Twilight Council  
  38  3:44  Probe (Chrono Boost)  
  39  3:54  Probe (Chrono Boost)  
  40  3:59  Blink, Sentry  
  40  4:00  Stalker  
  44  4:04  Probe (Chrono Boost)  
  44  4:05  Probe (Chrono Boost)  
  46  4:14  Probe (Chrono Boost)  
  48  4:18  Probe (Chrono Boost)  
  48  4:19  Pylon  
  48  4:25  Probe (Chrono Boost)  
  48  4:30  Observer, Probe (Chrono Boost)  
  51  4:36  Probe (Chrono Boost)  
  50  4:42  Gateway, Probe (Chrono Boost)  
  50  4:44  Stalker  
  50  4:45  Stalker  
  55  4:47  Probe (Chrono Boost)  
  57  4:54  Probe (Chrono Boost)  
  57  4:57  Probe (Chrono Boost)  
  54  5:05  Assimilator  
  54  5:06  Assimilator, Probe (Chrono Boost)  
  55  5:07  Immortal  
  55  5:11  Probe (Chrono Boost)  
  60  5:18  Probe (Chrono Boost)  
  60  5:23  Probe (Chrono Boost)  
  60  5:24  Sentry  
  63  5:30  Probe (Chrono Boost)  
  63  5:31  Pylon  
  64  5:36  Sentry  
  66  5:44  Immortal  
  70  5:59  Stalker x2  
  70  6:00  Stalker  
  70  6:01  Nexus  
  70  6:03  Pylon  
  76  6:07  Probe (Chrono Boost)  
  76  6:08  Probe (Chrono Boost), Phoenix  
  78  6:17  Gateway  
  78  6:18  Gateway  
  78  6:20  Gateway, Observer  
  78  6:25  Probe x2 (Chrono Boost)  
  81  6:35  Probe (Chrono Boost)  
  81  6:37  Probe (Chrono Boost)  
  81  6:38  Pylon  
  83  6:43  Robotics Bay  
  83  6:46  Probe (Chrono Boost)  
  84  6:49  Probe (Chrono Boost)  
  84  6:51  Immortal  
  85  6:57  Probe (Chrono Boost)  
  91  7:02  Probe (Chrono Boost)  
  91  7:03  Stalker  
  91  7:07  Pylon  
  93  7:09  Probe (Chrono Boost)  
  93  7:12  Forge  
  93  7:15  Probe (Chrono Boost)  
  95  7:16  Stalker x2  
  95  7:20  Probe x2 (Chrono Boost)  
  101  7:25  Warp Prism  
  101  7:27  Probe (Chrono Boost)  
  102  7:31  Probe (Chrono Boost)  
  102  7:32  Probe (Chrono Boost)  
  102  7:33  Protoss Ground Weapons Level 1  
  102  7:35  Assimilator  
  106  7:37  Assimilator  
  106  7:39  Probe (Chrono Boost)  
  106  7:42  Probe (Chrono Boost)  
  108  7:46  Robotics Facility  
  108  7:51  Probe (Chrono Boost)  
  110  7:52  Pylon, Probe (Chrono Boost)  
  110  7:54  Probe (Chrono Boost)  
  110  7:56  Disruptor  
  111  7:59  Pylon  
  111  8:02  Photon Cannon  
  114  8:08  Resonating Glaives  
  114  8:10  Adept x2  
  113  8:20  Photon Cannon  
  113  8:27  Disruptor  
  113  8:28  Adept x4  
  113  8:29  Gateway, Disruptor  
  113  8:31  Gateway  
  127  8:40  Pylon  
  125  8:45  Photon Cannon  
  119  8:51  Stalker  
  119  8:52  Stalker x2  
  125  8:58  Disruptor  
  125  9:00  Disruptor  
  125  9:06  Pylon  
  125  9:08  Stalker x2  
  134  9:11  Protoss Ground Weapons Level 2  
  134  9:13  Stargate  
  134  9:23  Stalker x4  
  140  9:29  Disruptor  
  140  9:32  Disruptor  
  142  9:56  Pylon, Oracle  
  142  9:57  Pylon  
  142  9:58  Pylon  
  142  9:59  Pylon  
  145  10:03  Observer  
  145  10:04  Disruptor  
  139  10:23  Nexus  
  139  10:26  Assimilator  
  139  10:31  Assimilator, Warp Prism  
  139  10:32  Oracle  
  139  10:35  Disruptor  
  142  10:40  Photon Cannon  
  142  10:41  Pylon  
  142  10:42  Charge  
  147  10:50  Stalker x7  
  161  11:09  Stalker  
  147  11:14  Stalker  
  147  11:15  Adept x6  
  144  11:29  Probe x3 (Chrono Boost)  
  144  11:32  Adept  
  145  11:35  Adept x6  
  156  11:40  Disruptor x2  
  149  12:02  Stalker x4  
  149  12:03  Stalker x2  
  161  12:14  Immortal x2  
  159  12:36  Photon Cannon  
  154  12:47  Stalker x5  
  154  12:48  Disruptor x2  
  156  12:55  Stalker x3  
  164  13:10  Stalker  
  164  13:12  Stalker x4  
  174  13:15  Protoss Ground Weapons Level 3  
  174  13:27  Stalker x3  
  177  13:40  Dark Shrine  
  163  13:53  Stalker x6  
  171  13:58  Stalker  
  171  14:00  Stalker  
  173  14:09  Disruptor x2  
  134  14:33  Stalker x8  
  148  14:57  Adept x8, Pylon  
  115  15:26  Stalker x6  
  115  15:27  Stalker x2  
  96  15:30  Disruptor x2  
  96  15:52  Stalker x3  
  96  15:53  Stalker x2  
  104  16:02  Dark Templar x3  
  99  16:19  Stalker x4  
  93  16:51  Disruptor x2  
  88  17:22  Stalker x5  
Tags
 
Add a new tag
Caveats
  • Supply blocks, unpowered buildings, or Contaminate may cause inaccurate times.
  • Supply counts are checked every 10 seconds.